 Dungeon Crawl Stone Soup version 0.31.0-12-g77e489cdc1 (webtiles) character file.

Game seed: 15439718630006864959

223 Doomgape the Shield-Bearer (level 5, -2/49 (53) HPs)
             Began as a Troll Fighter on Mar 4, 2024.
             Killed from afar by an orc wizard (13 damage)
             ... with a puff of flame
             ... on level 4 of the Dungeon.
             The game lasted 00:08:11 (2817 turns).

Doomgape the Shield-Bearer (Troll Fighter)          Turns: 2817, Time: 00:08:12

HP:   -2/49 (53)    AC:  4    Str: 26    XL:     5   Next: 66%
MP:   4/4           EV:  9    Int:  4    God:
Gold: 376           SH:  8    Dex:  9    Spells: 4/4 levels left

rFire   . .          .
                       - Unarmed
rCold   . . .        b - +0 kite shield
rNeg    . . .        a - +0 robe
rPois   .            (helmet restricted)
rElec   .            (no cloak)
rCorr   .            (gloves unavailable)
SInv    .            (boots unavailable)
Will    .....        (no amulet)
Stlth   +            g - +4 ring of slaying
HPRegen 1.08/turn    (no ring)
MPRegen 0.09/turn

%: no passive effects
@: drained
A: large, unfitting armour, claws 3, regeneration 1, shaggy fur 1, tough skin 1
a: no special abilities


You were on level 4 of the Dungeon.
You visited 1 branch of the dungeon, and saw 4 of its levels.

You collected 376 gold pieces.

Inventory:

Armour
 a - a +0 robe (worn)
 b - a +0 kite shield (worn)
Jewellery
 f - a ring of magical power
 g - a +4 ring of slaying (left claw)
Scrolls
 j - a scroll of noise {unknown}
 n - 2 scrolls of fear {unknown}
 o - a scroll of vulnerability
 p - 2 scrolls of enchant armour {unknown}
 q - a scroll of blinking
 r - a scroll of identify
Potions
 c - 3 potions of might
 d - 2 potions of attraction {unknown}
 e - a potion of degeneration {unknown}
 h - 2 potions of mutation
 i - 2 potions of ambrosia {unknown}
 k - a potion of magic {unknown}
 l - 2 potions of heal wounds {unknown}
 m - a potion of resistance {unknown}
 s - a potion of berserk rage {unknown}
 t - a potion of curing {unknown}


   Skills:
 + Level 3.3 Fighting
 + Level 3.4 Dodging
 + Level 3.6 Shields
 + Level 3.4 Unarmed Combat


You had 4 spell levels left.
You didn't know any spells.
Your spell library contained the following spells:

 Spells                   Type           Power      Damage    Failure   Level
 Apportation              Tloc           0%         N/A       75%         1
 Freeze                   Ice            0%         1d3       75%         1
 Sting                    Conj/Alch      0%         1d3       75%         1
 Cigotuvi's Dreadful Rot  Necr/Alch/Air  0%         N/A       87%         2
 Jinxbite                 Hex            0%         N/A       87%         2
 Mercury Vapours          Alch/Air       0%         N/A       87%         2
 Frozen Ramparts          Ice            0%         1d1       98%         3
 Hailstorm                Conj/Ice       0%         3d5       98%         3
 Tukima's Dance           Hex            0%         N/A       98%         3
 Ignite Poison            Fire/Alch      0%         N/A       100%        4
 Olgreb's Toxic Radiance  Alch           0%         N/A       100%        4
 Passage of Golubria      Tloc           0%         N/A       100%        4
 Alistair's Intoxication  Alch           0%         N/A       100%        5
 Freezing Cloud           Conj/Ice/Air   0%         6-21      100%        5
 Yara's Violent Unravell  Hex/Alch       0%         3d3       100%        5


Dungeon Overview and Level Annotations

Branches:
Dungeon (4/15)
 Temple: D:4-7

Altars:
Makhleb


Innate Abilities, Weirdness & Mutations

You are too large for most types of armour.
You have claws for hands.
Your natural rate of healing is unusually fast.
You are covered in fur. (AC +1)
You have tough skin. (AC +1)


Message History

You are too injured to fight recklessly!
You are too injured to fight recklessly!
You are too injured to fight recklessly!
Unknown command.
You claw the orc!
You kill the orc!
You block the orc wizard's attack. You block the orc's attack.
The orc hits you with a +2 hand axe of draining.
You feel drained.
Unknown command.
You scratch the orc priest.
The orc priest is moderately wounded.
The orc wizard barely misses you. You block the orc priest's attack.
The orc hits you but does no damage. The orc hits you with a +0 short sword.
You block the orc's attack.
Unknown command.
You completely miss the orc priest.
The orc priest is moderately wounded.
The orc wizard points at you and mumbles some strange words.
You resist with some effort. The orc misses you.
The orc priest completely misses you. You block the orc's attack.
The orc hits you but does no damage.
Unknown command.
You scratch the orc priest.
The orc priest is severely wounded.
The orc wizard casts a spell at you. You resist with some effort.
The orc priest looks braver for a moment.
You block the orc's attack.
The orc hits you with a +2 hand axe of draining.
* * * LOW HITPOINT WARNING * * *
You feel drained.
* * * LOW HITPOINT WARNING * * *
The orc hits you with a +0 short sword.
* * * LOW HITPOINT WARNING * * *
You scratch the orc priest.
The orc priest is severely wounded.
The orc wizard casts a spell at you. The puff of flame hits you!
You die...

########.......# .h.... #
#.####### ...... # #.# .....
########.##### ...
.........#.... ..#
...........#########.#
..........###........########
..........##..~ooo~..#......#
..........#....o@......#
..........#⌠...o.....#.#
..........#$...........#
..........##..~...~..#.#
#########.###........#.# #
#..#########.#.# ..#
##...........#.##..###
######.#####........#
#......# ##).########


You could see an orc priest, an orc wizard and 3 orcs.

Vanquished Creatures
  3 orc wizards (D:3)
  4 adders
  A ribbon worm (D:2)
  4 dart slugs
  9 orcs
  10 endoplasms
  5 giant cockroaches (D:3)
  6 goblins
  9 hobgoblins
  7 jackals
  4 kobolds
  2 quokkas
  7 ball pythons
  5 bats
  4 frilled lizards
  7 rats
87 creatures vanquished.

Notes
Turn   | Place    | Note
-------+----------+-------------------------------------------
     0 | D:1      | Doomgape the Troll Fighter began the quest for the Orb.
     0 | D:1      | Reached XP level 1. HP: 22/22 MP: 0/0
   323 | D:1      | Found a faded altar of an unknown god.
   350 | D:1      | Reached XP level 2. HP: 29/29 MP: 1/1
   954 | D:2      | Reached XP level 3. HP: 36/36 MP: 2/2
  1230 | D:2      | Found a burning altar of Makhleb.
  1796 | D:3      | Reached XP level 4. HP: 44/44 MP: 3/3
  2097 | D:3      | Reached XP level 5. HP: 48/53 MP: 4/4
  2817 | D:4      | Killed from afar by an orc wizard

Illustrated notes

Levels and vault maps discovered:
D:1:      psy_arrival_spokes, layout_basic, ebering_ecumenical_altar_petrified
D:2:      layout_basic, basic_altar, minmay_fountain_box, roderic_lattice_a,
          minmay_gold_behind_fungi, minmay_randomly_rotated_circles
D:3:      minmay_inner_zag, layout_loops_ring, guppyfry_early_orc_mine
D:4:      cheibrodos_pilgrimage, layout_basic, hangedman_decor_opposing

Skill      XL: |  1  2  3  4 |
---------------+-------------+-----
Shields        | 3 |  3.6
Dodging        | 3 |  3.4
Fighting       | 3 |  3.3
Unarmed Combat | 3 |  3.4

Action                     |  1- 3 |  4- 6 || total
---------------------------+-------+-------++-------
  Melee: Unarmed           |    82 |    90 ||   172
    Use: Scroll            |     5 |       ||     5
   Stab: Sleeping          |       |     1 ||     1
 Armour: Robe              |    47 |    60 ||   107
  Dodge: Dodged            |    26 |    37 ||    63
  Block: Kite shield       |    19 |    29 ||    48
